 Dungeon Crawl Stone Soup version 0.31-a0-1336-g7fd7ca34b5 (webtiles) character file.

Game seed: 5627230108976919852

37 Kahsius the Caller (level 3, 0/19 HPs)
             Began as a Deep Elf Summoner on Dec 21, 2023.
             Slain by a gnoll
             ... wielding a +0 flail
              (8 damage)
             ... on level 4 of the Dungeon.
             The game lasted 00:06:39 (1105 turns).

Kahsius the Caller (Deep Elf Summoner)              Turns: 1105, Time: 00:06:40

Health: 0/19       AC:  3    Str:  5    XL:     3   Next: 23%
Magic:  5/10       EV: 12    Int: 21    God:
Gold:   52         SH:  0    Dex: 15    Spells: 7/10 levels left

rFire   . . .        (no weapon)
rCold   . . .        (no shield)
rNeg    . . .        a - +0 robe
rPois   .            (no helmet)
rElec   .            e - +0 cloak
rCorr   .            (no gloves)
SInv    .            (no boots)
Will    .....        (no amulet)
Stlth   ++           (no ring)
HPRegen 0.23/turn    (no ring)
MPRegen 0.12/turn

%: no passive effects
@: no status effects
A: no striking features
a: no special abilities


You were on level 4 of the Dungeon.
You visited 1 branch of the dungeon, and saw 3 of its levels.

You collected 52 gold pieces.

Inventory:

Armour
 a - a +0 robe (worn)
 e - a +0 cloak (worn)
Scrolls
 f - a scroll of identify {unknown}
Potions
 b - a potion of magic
 c - a potion of heal wounds {unknown}
 d - 2 potions of lignification {unknown}


   Skills:
 - Level 2.4 Dodging
 - Level 2.4 Stealth
 * Level 4.1 Spellcasting
 * Level 5.0 Summonings
 + Level 0.3 Air Magic


You had 7 spell levels left.
You knew the following spells:

 Your Spells              Type           Power      Damage    Failure   Level
a - Summon Small Mammal   Summ           100%       N/A       1%          1
b - Call Imp              Summ           50%        N/A       2%          2

Your spell library contained the following spells:

 Spells                   Type           Power      Damage    Failure   Level
 Call Canine Familiar     Summ           25%        N/A       4%          3
 Summon Guardian Golem    Hex/Summ       14%        N/A       13%         3
 Static Discharge         Conj/Air       10%        3-4/arc   17%         2
 Summon Lightning Spire   Summ/Air       15%        N/A       36%         4
 Airstrike                Air            2%         2d(1-17)  69%         4


Dungeon Overview and Level Annotations

Branches:
Dungeon (2/15)

Altars:
Gozag
Ru


Message History

Your Summonings skill increases to level 5!
You have reached level 3!
Your experience leads to an increase in your attributes!
Increase (S)trength, (I)ntelligence, or (D)exterity?
You feel clever. x2
Unknown command.
The gnoll closely misses your cerulean imp.
The gnoll barely misses your cerulean imp.
The gnoll misses your cerulean imp.
The gnoll hits your cerulean imp with a +0 club.
The gnoll hits your cerulean imp with a +0 club!
Your cerulean imp dies!
Your cerulean imp disappears in a puff of smoke!
Casting: Call Imp (safe; 2% risk of failure)
Confirm with . or Enter, or press ? or * to list all spells.
A tiny devil pulls itself out of the air.
The gnoll closely misses you.
Your cerulean imp closely misses the gnoll.
You swap places.
The gnoll hits your cerulean imp with a +0 club.
Your cerulean imp hits the gnoll but does no damage.
The gnoll misses your cerulean imp.
Your cerulean imp hits the gnoll with a -2 spear.
The gnoll hits your cerulean imp with a +0 club.
The gnoll closely misses you.
Your cerulean imp hits the gnoll but does no damage.
The gnoll hits you with a +0 flail!
The gnoll barely misses your cerulean imp.
The gnoll splashes around in the water.
Your cerulean imp hits the gnoll but does no damage.
The gnoll attacks as it pursues you! The gnoll hits you but does no damage.
The gnoll closely misses your cerulean imp.
Your cerulean imp hits the gnoll with a -2 spear.
The gnoll attacks as it pursues you! The gnoll hits you with a +0 flail.
The gnoll hits your cerulean imp with a +0 club.
Your cerulean imp hits the gnoll with a -2 spear.
The gnoll closely misses your cerulean imp.
Your cerulean imp closely misses the gnoll.
The gnoll attacks as it pursues you! The gnoll hits you with a +0 flail!
You die...

########### .
##.)..gg5..######...#
##.#######.g.g@.......
#5#..~~~..#..###.#....
#.#..~...~..#.# # .
#.#...~._.~...#.#
#..#..~...~..# ##
....#..~~~..#
####.#######. #


You could see 3 gnolls, a goblin and a friendly cerulean imp (summoned).

Vanquished Creatures (collateral kills)
  A gnoll (D:4)
  A worm (D:2)
  3 ball pythons (D:1)
  2 endoplasms
  2 giant cockroaches
  3 goblins (D:1)
  A hobgoblin (D:1)
  2 bats
  4 kobolds (D:1)
  3 rats (D:1)
22 creatures vanquished.

Notes
Turn   | Place    | Note
-------+----------+-------------------------------------------
     0 | D:1      | Kahsius the Deep Elf Summoner began the quest for the Orb.
     0 | D:1      | Reached XP level 1. HP: 10/10 MP: 6/6
   274 | D:1      | Reached XP level 2. HP: 12/15 MP: 5/8
   902 | D:1      | Learned a level 2 spell: Call Imp
   958 | D:2      | Found an opulent altar of Gozag.
  1048 | D:2      | You fall into a shaft and drop 2 floors!
  1048 | D:4      | Found a sacrificial altar of Ru.
  1087 | D:4      | Reached skill level 5 in Summonings
  1087 | D:4      | Reached XP level 3. HP: 19/19 MP: 5/10
  1105 | D:4      | Slain by a gnoll

Illustrated notes

Levels and vault maps discovered:
D:1:      minmay_arrival_arboretum_small, layout_basic, minmay_close_crescents
D:2:      layout_loops_ring, basic_altar, grunt_decor_arrowhead,
          minmay_pentomino_o2
D:4:      layout_basic, nicolae_ru_awakened_eye, st_stairs_5, uniq_robin

Skill      XL: |  1  2 |
---------------+-------+-----
Spellcasting   | 4 |  4.1
Summonings     | 5 |  5.0
Dodging        | |  2.4
Stealth        | |  2.4
Air Magic      | |  0.3

Action                     || total
---------------------------++-------
  Melee: Unarmed           ||    11
   Cast: Summon Small Mamm ||    25
         Call Imp          ||     8
 Armour: Robe              ||    32
  Dodge: Dodged            ||    38

Table legend: (Time is in decaauts)
 A = Elapsed time spent in this place.
 B = Non-inter-level travel time spent in this place.
 C = Inter-level travel time spent in this place.
 D = Time resting spent in this place.
 E = Time spent auto-exploring this place.
 F = Levels seen in this place.
 G = Mean time per level.
                   A        B        C        D        E       F      G
               +--------+--------+--------+--------+--------+-----+--------+
         Total |   1104 |   1077 |     27 |     23 |    681 |   3 |  368.0 |
       Dungeon |   1104 |   1077 |     27 |     23 |    681 |   3 |  368.0 |
               +--------+--------+--------+--------+--------+-----+--------+

Top non-repeatable levels by time:
     D:1: 909 daAuts
     D:2: 138 daAuts
     D:4: 56 daAuts
